 Dungeon Crawl Stone Soup version 0.31-a0-233-g139696dc86 (webtiles) character file.

Game seed: 2259246730174521947

393 qw the Shooter (level 6, -1/37 HPs)
             Began as a Gargoyle Hexslinger on July 7, 2023.
             Slain by a killer bee (7 damage)
             ... on level 4 of the Dungeon.
             The game lasted 00:01:07 (2811 turns).

qw the Shooter (Gargoyle Hexslinger)                Turns: 2811, Time: 00:01:07

Health: -1/37      AC: 13    Str: 11    XL:     6   Next: 81%
Magic:  7/7        EV: 10    Int: 14    God:
Gold:   154        SH:  0    Dex: 14    Spells: 6/7 levels left

rFire   . . .        Y - +1 sling (flame)
rCold   . . .        (no shield)
rNeg    + . .        g - +4 ring mail
rPois   inf          (no helmet)
rElec   +            (no cloak)
rCorr   .            (no gloves)
SInv    .            (no boots)
Will    .....        (no amulet)
Stlth   +            (no ring)
HPRegen 0.26/turn    (no ring)
MPRegen 0.10/turn

%: no passive effects
@: no status effects
A: sickness immunity, AC +4, negative energy resistance 1, electricity
resistance, torment resistance 1, petrification resistance
a: no special abilities


You were on level 4 of the Dungeon.
You visited 1 branch of the dungeon, and saw 4 of its levels.

You collected 154 gold pieces.


Innate Abilities, Weirdness & Mutations

You are immune to sickness and miasma.
Your stone body is resilient. (AC +4)
You are immune to poison.
You resist negative energy. (rN+)
You are resistant to electric shocks. (rElec)
You are resistant to unholy torment.
You are immune to petrification.


   Skills:
 + Level 3.5 Fighting
 - Level 6.1 Ranged Weapons
 - Level 1.0 Armour
 - Level 1.5 Dodging
 - Level 1.0 Spellcasting
 - Level 2.6 Hexes


You had 6 spell levels left.
You knew the following spells:

 Your Spells              Type           Power      Damage    Failure   Level
a - Slow                  Hex            32%        N/A       21%         1

Your spell library contained the following spells:

 Spells                   Type           Power      Damage    Failure   Level
 Inner Flame              Hex/Fire       4%         N/A       71%         3
 Portal Projectile        Hex/Tloc       8%         N/A       71%         3
 Cause Fear               Hex            4%         N/A       90%         4

Inventory:

Hand Weapons
 Y - a +1 sling of flaming (weapon)
Armour
 g - a +4 ring mail (worn)
Wands
 f - a wand of digging (3)
Scrolls
 e - a scroll of identify
Potions
 a - a potion of curing
 c - a potion of might
 h - a potion of enlightenment
 i - a potion of cancellation {unknown}

Dungeon Overview and Level Annotations

Branches:
Dungeon (4/15)
 Temple: D:4-7

Altars:
Cheibriados
Fedhas
Yredelemnul


Message History

The killer bee stings you but does no damage.
You shoot a sling bullet. The sling bullet hits the killer bee.
The sling bullet burns the killer bee.
The killer bee is moderately wounded.
The killer bee stings you but does no damage. x5
The killer bee stings you.
The killer bee stings you but does no damage.
The killer bee stings you.
The killer bee stings you but does no damage.
You shoot a sling bullet. The sling bullet misses the killer bee.
The killer bee stings you. The killer bee completely misses you.
The killer bee closely misses you.
The killer bee stings you but does no damage.
The killer bee barely misses you.
The killer bee stings you but does no damage.
You shoot a sling bullet. The sling bullet misses the killer bee.
The killer bee stings you but does no damage.
The killer bee stings you.
The killer bee stings you but does no damage.
The killer bee barely misses you. The killer bee closely misses you.
The killer bee stings you but does no damage.
The killer bee barely misses you. x2; The killer bee closely misses you.
You shoot a sling bullet.
The sling bullet completely misses the killer bee.
The killer bee stings you but does no damage. x3
The killer bee barely misses you. The killer bee closely misses you.
The killer bee barely misses you.
You shoot a sling bullet. The sling bullet hits the killer bee.
The sling bullet burns the killer bee.
The killer bee is moderately wounded.
The killer bee stings you. The killer bee barely misses you.
The killer bee stings you. The killer bee barely misses you.
The killer bee stings you but does no damage.
The killer bee misses you.
You shoot a sling bullet.
The sling bullet hits the killer bee but does no damage.
The killer bee is moderately wounded.
The killer bee stings you but does no damage.
The killer bee closely misses you. x2; The killer bee stings you!
You die...

.# #...)....# ####
.######........# ...
.##............#+#.####
.......................
.#.................#
.#.##..............#
.#.##....#+####..).#
.#.##....#.# #....#
.#.#######.## #y@y.#
##...........
##y#......
...........#. #y#..##..
............. ... ...
............. .)# .###
............. ...# #
##.......#... ...#
#####............#
#####........


You could see 4 killer bees.

Vanquished Creatures
  A black bear (D:4)
  A phantom (D:4)
  A scorpion (D:4)
  2 hounds (D:4)
  6 adders
  2 worms
  2 dart slugs (D:2)
  An orc (D:4)
  9 ball pythons
  4 bats
  5 endoplasms
  A giant cockroach (D:1)
  5 goblins
  A hobgoblin (D:3)
  3 jackals (D:1)
  A quokka (D:3)
  4 kobolds
  7 rats
56 creatures vanquished.

Notes
Turn   | Place    | Note
-------+----------+-------------------------------------------
     0 | D:1      | qw the Gargoyle Hexslinger began the quest for the Orb.
     0 | D:1      | Reached XP level 1. HP: 12/12 MP: 2/2
     0 | D:1      | 0 ||| qw: Version: 0.3-a-46-gb1f654a
     0 | D:1      | 0 ||| qw: Game counter: 3136
     0 | D:1      | 0 ||| qw: Melee chars always use a shield: true
     0 | D:1      | 0 ||| qw: God list: Okawaru
     0 | D:1      | 0 ||| qw: Allow faded altars: false
     0 | D:1      | 0 ||| qw: Do Orc after clearing Dungeon:15 true
     0 | D:1      | 0 ||| qw: Do second Lair branch before Depths: true
     0 | D:1      | 0 ||| qw: Lair rune preference: random
     0 | D:1      | 0 ||| qw: Goals: Normal
     0 | D:1      | 0 ||| PLANNING D:1-11
   500 | D:1      | Reached XP level 2. HP: 16/16 MP: 3/3
   650 | D:1      | Reached skill level 3 in Ranged Weapons
   763 | D:1      | 763 ||| UPGRADING to +0 ring mail.
   773 | D:1      | 773 ||| DROPPING +0 robe.
   774 | D:1      | 774 ||| UPGRADING to +4 ring mail.
   784 | D:1      | 784 ||| DROPPING +0 ring mail.
   785 | D:1      | 785 ||| DROPPING ring of flight.
   786 | D:1      | 786 ||| READING scroll labelled OJUGEGOUSA.
   787 | D:1      | 787 ||| DROPPING scroll of poison.
   828 | D:2      | Reached XP level 3. HP: 17/21 MP: 4/4
  1237 | D:2      | Reached XP level 4. HP: 26/26 MP: 5/5
  1408 | D:2      | 1408 ||| READING scroll labelled TEDGHIE VOWK.
  1409 | D:2      | 1409 ||| READING scroll labelled GOAGUE YSSEREFAU.
  1410 | D:2      | 1410 ||| READING scroll labelled JEUFAL ECUABAF.
  1411 | D:2      | 1411 ||| DRINKING 2 sedimented emerald potions.
  1452 | D:3      | Reached skill level 4 in Ranged Weapons
  1480 | D:3      | Reached skill level 1 in Armour
  1651 | D:3      | Found a snail-covered altar of Cheibriados.
  2227 | D:3      | 2227 ||| DROPPING amulet of magic regeneration.
  2228 | D:3      | 2228 ||| READING scroll labelled DUQURA OSOEMO.
  2229 | D:3      | 2229 ||| READING 4 scrolls of identify.
  2229 | D:3      | 2229 ||| IDENTIFYING grey potion
  2230 | D:3      | 2230 ||| READING 3 scrolls of identify.
  2230 | D:3      | 2230 ||| IDENTIFYING bubbling red potion
  2231 | D:3      | 2231 ||| DROPPING potion of attraction.
  2357 | D:4      | Reached XP level 5. HP: 15/30 MP: 6/6
  2429 | D:4      | Reached skill level 5 in Ranged Weapons
  2447 | D:4      | Noticed a phantom
  2462 | D:4      | Killed a phantom
  2463 | D:4      | Reached skill level 3 in Fighting
  2463 | D:4      | Reached XP level 6. HP: 37/37 MP: 7/7
  2613 | D:4      | Noticed a black bear
  2633 | D:4      | HP: 9/37 [black bear (1)]
  2634 | D:4      | Killed a black bear
  2635 | D:4      | Reached skill level 6 in Ranged Weapons
  2741 | D:4      | 2741 ||| READING scroll labelled BEANUE VACH.
  2742 | D:4      | 2742 ||| READING scroll labelled HIYNET MAUNUIN.
  2746 | D:4      | 2746 ||| READING 2 scrolls of identify.
  2746 | D:4      | 2746 ||| IDENTIFYING orange potion
  2757 | D:4      | 2757 ||| STAIRDANCE
  2758 | D:3      | Found a basalt altar of Yredelemnul.
  2758 | D:3      | Found a blossoming altar of Fedhas.
  2810 | D:4      | HP: 7/37 [killer bee (4)]
  2811 | D:4      | Slain by a killer bee

Levels and vault maps discovered:
D:1:      erik_arrival_cave_to_civilisation [erik_arrival_cave_to_hall],
          layout_basic
D:2:      layout_basic
D:3:      layout_basic, nicolae_overflow_hidden_temple
D:4:      layout_basic, minmay_temple_entry_poolview

Skill      XL: |  1  2  3  4  5  6 |
---------------+-------------------+-----
Ranged Weapons | 3 4 5 6 |  6.1
Fighting       | 2 3 |  3.5
Armour         | 1 |  1.0
Dodging        | |  1.5
Spellcasting   | |  1.0
Hexes          | |  2.6

Action                     |  1- 3 |  4- 6 || total
---------------------------+-------+-------++-------
   Fire: Sling             |   105 |   188 ||   293
    Use: Scroll            |     1 |     9 ||    10
         Potion            |       |     1 ||     1
 Armour: Robe              |     6 |       ||     6
         Ring mail         |    36 |   137 ||   173
  Dodge: Dodged            |    33 |   108 ||   141

Table legend:
 A = Non-vault XP
 B = Vault XP
 C = Vault XP percentage of total XP
 D = Non-vault monster count
 E = Vault monster count
 F = Vault count percentage of total count
                 A         B        C        D         E       F
            +---------+---------+-------+---------+---------+-------
      Total |     559 |       3 |   0.5 |      54 |       2 |   3.6
            +---------+---------+-------+---------+---------+-------
        D:1 |      20 |       3 |  13.0 |      11 |       2 |  15.4
        D:2 |      68 |       0 |   0.0 |      16 |       0 |   0.0
        D:3 |      61 |       0 |   0.0 |      15 |       0 |   0.0
        D:4 |     410 |       0 |   0.0 |      12 |       0 |   0.0
            +---------+---------+-------+---------+---------+-------
